 Seeded DCSS version 0.27-a0-1200-g94dc6ad4cf (webtiles) character file.

Game seed: 20210531 (custom seed)

44723 Snicker the Spear-Bearer (level 13, -3/98 HPs)
             Began as a Demonspawn Brigand on May 31, 2021.
             Was an Initiate of Gozag.
             Slain by a dire elephant simulacrum (42 damage)
             ... on level 6 of the Lair of Beasts.
             The game lasted 01:09:46 (24198 turns).

Snicker the Spear-Bearer (Demonspawn Brigand)      Turns: 24198, Time: 01:09:54

Health: -3/98      AC: 24    Str: 23    XL:     13   Next: 97%
Magic:  13/13      EV: 15    Int: 14    God:    Gozag
Gold:   1004       SH:  4    Dex: 15    Spells: 5/12 levels left

rFire    . . .     SeeInvis +   c - +5 scythe "Finisher" {speed, eviscerate}
rCold    . . .     Faith    .   (shield currently unavailable)
rNeg     . . .     Spirit   .   q - +5 leather armour "Caef" {Contam Str+8 Dex-3}
rPois    .         Reflect  .   C - +0 mask of the Dragon {Will+ Slay+3 SInv}
rElec    .         Harm     .   S - +1 cloak {Will+}
rCorr    .         Rampage  .   p - +2 pair of gloves {Str+3}
Will     ++...                  (no boots)
Stlth    ++++......             T - amulet of regeneration
HPRegen  1.26/turn              H - ring of wizardry
MPRegen  0.13/turn              o - +4 ring of protection

@: gold aura
A: hooves 2, slimy green scales 1, demonic guardian 1, icemail 1, condensation
shield
a: Renounce Religion, Potion Petition, Call Merchant, Bribe Branch


You were on level 6 of the Lair of Beasts.
You worshipped Gozag.
Gozag was most pleased with you.
You visited 3 branches of the dungeon, and saw 17 of its levels.

You collected 3827 gold pieces.
You spent 1177 gold pieces at shops.
You paid 1646 gold pieces to Gozag.

Inventory:

Hand Weapons
 a - a +3 dagger of draining
 b - a +4 whip of electrocution
 c - the +5 scythe "Finisher" (weapon) {speed, eviscerate}
   (You found it on level 9 of the Dungeon)

   Attacks with this weapon are significantly faster.
 v - a +3 dagger of chaos
 D - a +2 dagger
Missiles
 d - 24 poisoned darts (quivered)
 m - 3 atropa-tipped darts
 P - 3 curare-tipped darts
Armour
 j - a +1 leather armour
 l - a +2 robe
 p - a +2 pair of gloves of strength (worn)
 q - the +5 leather armour "Caef" (worn) {Contam Str+8 Dex-3}
   (You bought it in a shop on level 6 of the Dungeon)

   It affects your strength (+8).
   It affects your dexterity (-3).
   It causes magical contamination when unequipped.
 y - a +2 hat of see invisible
 A - a +1 ring mail of cold resistance
 C - the +0 mask of the Dragon (worn) {Will+ Slay+3 SInv}
   (You bought it in a shop on level 4 of the Lair of Beasts)

   It affects your accuracy and damage with ranged weapons and melee attacks
   (+3).
   It lets you see invisible.
   It increases your willpower.
 J - +0 fire dragon scales
 S - a +1 cloak of willpower (worn)
Magical Staves
 t - a staff of fire
Jewellery
 f - a ring of ice
 k - a ring of positive energy
 o - a +4 ring of protection (right hand)
 F - a ring of see invisible
 H - a ring of wizardry (left hand)
 T - an amulet of regeneration (around neck)
Wands
 h - a wand of flame (23)
 i - a wand of paralysis (8)
 M - a wand of acid (6)
 Q - a wand of digging (2)
Scrolls
 e - 3 scrolls of fog
 r - 8 scrolls of identify
 w - 2 scrolls of magic mapping
 x - a scroll of silence
 z - 4 scrolls of teleportation
 G - 2 scrolls of fear
 K - a scroll of summoning
 R - a scroll of blinking
Potions
 g - a potion of degeneration {unknown}
 n - 6 potions of curing
 s - a potion of might {unknown}
 u - 4 potions of lignification
 B - 2 potions of brilliance
 E - a potion of invisibility {unknown}
 I - 2 potions of attraction {unknown}
 L - 3 potions of flight {unknown}
 N - a potion of cancellation
 U - a potion of resistance
Miscellaneous
 O - a phial of floods


   Skills:
 + Level 8.1 Fighting
 - Level 8.1 Short Blades
 - Level 4.1 Maces & Flails
 * Level 13.8 Polearms
 + Level 3.4 Throwing
 + Level 5.5 Armour
 + Level 7.8 Dodging
 + Level 9.6 Stealth
 - Level 3.1 Shields
 + Level 0.5 Unarmed Combat
 + Level 0.1 Spellcasting
 + Level 1.1 Evocations


You had 5 spell levels left.
You knew the following spells:

 Your Spells              Type           Power      Damage    Failure   Level
a - Magic Dart            Conj           0%         1d3       13%         1
b - Stone Arrow           Conj/Erth      0%         3d7       34%         3
c - Dazzling Flash        Conj/Hex       0%         N/A       34%         3

Your spell library contained the following spells:

 Spells                   Type           Power      Damage    Failure   Level
 Animate Skeleton         Necr           0%         N/A       13%         1
 Apportation              Tloc           0%         N/A       13%         1
 Corona                   Hex            0%         N/A       13%         1
 Sandblast                Erth           0%         2d4       13%         1
 Summon Small Mammal      Summ           0%         N/A       13%         1
 Passwall                 Tmut/Erth      0%         N/A       19%         2
 Searing Ray              Conj           0%         3d3       19%         2
 Slow                     Hex            0%         N/A       19%         2
 Confusing Touch          Hex            0%         N/A       34%         3
 Gell's Gravitas          Tloc           0%         N/A       34%         3
 Inner Flame              Hex/Fire       0%         N/A       34%         3
 Portal Projectile        Hex/Tloc       0%         N/A       34%         3
 Cause Fear               Hex            0%         N/A       75%         4
 Fulminant Prism          Conj/Hex       0%         3d6       75%         4
 Iskenderun's Mystic Bla  Conj/Tloc      0%         2d3       75%         4
 Leda's Liquefaction      Hex/Erth       0%         N/A       75%         4
 Petrify                  Tmut/Erth      0%         N/A       75%         4
 Bolt of Magma            Conj/Fire/Erth 0%         4d4       96%         5
 Iskenderun's Battlesphe  Conj           0%         2d6       96%         5
 Lee's Rapid Deconstruct  Erth           0%         3d5*      96%         5
 Metabolic Englaciation   Hex/Ice        0%         N/A       96%         5
 Yara's Violent Unravell  Hex/Tmut       0%         3d3       96%         5
 Iron Shot                Conj/Erth      0%         9d1       100%        6
 Orb of Destruction       Conj           0%         N/A       100%        7
 Spellforged Servitor     Conj/Summ      0%         N/A       100%        7


Dungeon Overview and Level Annotations

Branches:
Dungeon (10/15)            Temple (1/1) D:4            Lair (6/6) D:10
  Swamp (0/4) Lair:4        Snake (0/4) Lair:2        Slime (0/5) Lair:5
    Orc: D:9-12

Altars:
Ashenzari
Elyvilon
Fedhas
Gozag
Hepliaklqana
Makhleb
Nemelex Xobeh
Okawaru
Qazlal
Ru
Sif Muna
Trog
Uskayaw
Vehumet
Wu Jian
Xom
Zin
The Shining One

Shops:
D:5 [   D:6 ?[![(   Lair:2 [   Lair:4 [


Innate Abilities, Weirdness & Mutations

You have hoof-like feet.
You are partially covered in slimy green scales. (AC +2)
A weak demonic guardian rushes to your aid.
A meltable icy envelope protects you from harm. (AC +4)
A meltable shield of frost defends you. (SH +4)


Message History

The withered plant crumbles away.
You slash the elephant skeleton! You kick the elephant skeleton.
The elephant skeleton is almost destroyed.
The elephant skeleton tramples you.
You slice the elephant skeleton!!
You destroy the elephant skeleton!
You slice the spectral elephant!!
The spectral elephant is heavily damaged.
You slice the spectral elephant!! You kick the spectral elephant.
The spectral elephant is almost destroyed.
The spectral elephant tramples you but does no damage.
The spectral elephant misses you.
The spectral cane toad becomes distracted by the nearby gold, dreaming of imaginary riches.
You slash the spectral elephant!
You destroy the spectral elephant!
The spectral cane toad is no longer distracted by gold.
The spectral cane toad hits you but does no damage.
There is an open door here.
You see here 11 gold pieces.
You hit the spectral cane toad.
You blow up the spectral cane toad!
The dire elephant simulacrum tramples you!
The dire elephant simulacrum freezes you!!!
The dire elephant simulacrum trunk-slaps you but does no damage.
You hit the dire elephant simulacrum.
You kick the dire elephant simulacrum, but do no damage.
The dire elephant simulacrum is lightly damaged.
You slice the dire elephant simulacrum!!
You kick the dire elephant simulacrum.
The dire elephant simulacrum is severely damaged.
The dire elephant simulacrum tramples you but does no damage.
You block the dire elephant simulacrum's attack.
You hit the dire elephant simulacrum but do no damage.
You kick the dire elephant simulacrum, but do no damage.
The dire elephant simulacrum is severely damaged.
The dire elephant simulacrum barely misses you.
The dire elephant simulacrum trunk-slaps you!
The dire elephant simulacrum freezes you!!!
You die...
Your body crumbles into a pile of gold.

.♣.♣♣.♣P.#♣
.♣.♣.♣....♣
.♣♣[♣.....######
....P♣♣...##8$8#
...♣♣.♣...##...#
.[♣♣.♣<.P.##.$.#
♣♣.♣.#PP#.##..P#
♣P...#P...##P$.#####
...♣.P.PP.♣#PP$Z@.8#
P♣P.......)######..+
.......#...♣# #P.P.+
...#........♣ #.####
.##.........♣##.#
.##....#....♣#..#
.#..........##.##
..........P###.#
.#........♣#P.P#


You could see a dire elephant simulacrum.

Vanquished Creatures
  Gastronok (D:9)
  A boulder beetle (Lair:6)
  5 hydras
  A catoblepas (Lair:4)
  Erica (D:8)
  5 death yaks (Lair:6)
  Sonja (Lair:3)
  A deep elf pyromancer (D:8)
  4 black mambas
  15 elephants
  2 torpor snails
  A dire elephant zombie (Lair:6)
  A kobold demonologist (D:9)
  9 cane toads
  Psyche (D:9)
  5 rime drakes
  7 komodo dragons
  2 trolls (D:9)
  3 polar bears
  11 blink frogs
  A spectral elephant (Lair:6)
  5 dream sheep (Lair:4)
  2 slime creatures (Lair:5)
  5 wraiths (D:9)
  2 spriggans (Lair:6)
  2 wyverns
  41 yaks
  A spectral cane toad (Lair:6)
  5 basilisks
  11 water moccasins
  A hornet zombie (D:8)
  3 orc warriors
  8 black bears
  An ice beast (D:7)
  3 ogres
  8 wolves
  2 centaurs (D:9)
  2 elephant skeletons (Lair:6)
  9 bullfrogs
  A kobold brigand (D:7)
  A gnoll sergeant (D:7)
  A scorpion (D:10)
  14 wights
  4 howler monkeys (D:9)
  7 electric eels
  A lava snake (Lair:2)
  A centaur zombie (D:7)
  3 orc priests
  3 hounds
  2 jellies (Lair:5)
  Jessica (D:3)
  A gnoll shaman (D:9)
  Ijyb (D:3)
  4 iguanas
  9 hell rats
  3 orc wizards
  A killer bee zombie (D:7)
  16 gnolls
  6 adders
  A shadow imp (D:6)
  2 white imps
  An adder skeleton (D:4)
  4 worms
  A dart slug (D:1)
  19 orcs
  3 bats
  8 endoplasms
  3 giant cockroaches
  11 goblins
  6 hobgoblins
  7 jackals
  13 kobolds
  4 quokkas
  5 ball pythons
  5 frilled lizards
  4 rats
  A fire vortex (Lair:2)
367 creatures vanquished.

Vanquished Creatures (collateral kills)
  2 hydras
  An elephant (Lair:6)
  Grinder (D:4)
  A blink frog (Lair:1)
  A naga (Lair:2)
  A centaur (D:9)
  A hell rat (Lair:5)
8 creatures vanquished.

Vanquished Creatures (others)
  6 bushes (D:9)
  22 fungi
  94 plants
  4 withered plants (Lair:6)
126 creatures vanquished.

Grand Total: 501 creatures vanquished

Notes
Turn   | Place    | Note
-------+----------+-------------------------------------------
     0 | D:1      | Snicker the Demonspawn Brigand began the quest for the Orb.
     0 | D:1      | Reached XP level 1. HP: 16/16 MP: 1/1
   509 | D:1      | Gained mutation: A meltable shield of frost defends you.
                  | (SH +4) [demonic ancestry]
   509 | D:1      | Reached XP level 2. HP: 12/22 MP: 2/2
  1113 | D:1      | Found a faded altar of an unknown god.
  1421 | D:1      | Learned a level 1 spell: Magic Dart
  1530 | D:2      | Gained mutation: A weak demonic guardian rushes to your
                  | aid. [demonic ancestry]
  1530 | D:2      | Reached XP level 3. HP: 27/27 MP: 3/3
  1535 | D:2      | Reached skill level 1 in Dodging
  1546 | D:2      | Found a shimmering blue altar of Sif Muna.
  1982 | D:2      | Reached skill level 5 in Stealth
  2131 | D:2      | Reached XP level 4. HP: 33/33 MP: 4/4
  2363 | D:3      | HP: 1/33 [hound (2)]
  2768 | D:3      | Gained mutation: You are partially covered in slimy green
                  | scales. (AC +2) [demonic ancestry]
  2768 | D:3      | Reached XP level 5. HP: 36/38 MP: 5/5
  2773 | D:3      | Noticed Ijyb
  2813 | D:3      | Killed Ijyb
  3303 | D:3      | Noticed Jessica
  3323 | D:3      | Killed Jessica
  3848 | D:4      | Found a staircase to the Ecumenical Temple.
  3869 | Temple   | Entered the Ecumenical Temple
  3908 | Temple   | Became a worshipper of Gozag Ym Sagoz the Greedy
  3946 | D:4      | Noticed Grinder
  3949 | D:4      | Paralysed by Grinder for 7 turns
  4108 | D:4      | Paralysed by Grinder for 4 turns
  4114 | D:4      | Killed Grinder
  4115 | D:4      | Gained mutation: You have large cloven feet. [demonic
                  | ancestry]
  4115 | D:4      | Reached XP level 6. HP: 41/46 MP: 6/6
  4689 | D:4      | Learned a level 3 spell: Stone Arrow
  5074 | D:5      | Entered Level 5 of the Dungeon
  5484 | D:5      | Reached XP level 7. HP: 28/51 MP: 7/7
  5769 | D:5      | Found Motaog's Antique Armour Boutique.
  5780 | D:5      | Bought a shiny ring mail for 189 gold pieces
  6187 | D:5      | Found a sacrificial altar of Ru.
  7019 | D:6      | Found Quqyi's Armour Boutique.
  7057 | D:6      | Bought a +2 pair of gloves of strength for 258 gold pieces
  7168 | D:6      | Found Vyox's Distillery.
  7185 | D:6      | Found Fusoez's Magic Scroll Emporium.
  7305 | D:6      | Reached skill level 1 in Armour
  7355 | D:6      | Gained mutation: You have hoof-like feet. [demonic
                  | ancestry]
  7355 | D:6      | Reached XP level 8. HP: 54/58 MP: 8/8
  7407 | D:6      | Bought a scroll of teleportation for 33 gold pieces
  7491 | D:6      | Found Rips's Antique Armour Emporium.
  7662 | D:6      | Reached skill level 5 in Short Blades
  7732 | D:6      | Found Cajis's Antique Weapon Shop.
  8228 | D:7      | Reached skill level 1 in Shields
  9288 | D:8      | Noticed Erica
  9310 | D:8      | Killed Erica
  9311 | D:8      | Reached skill level 1 in Maces & Flails
  9311 | D:8      | Reached XP level 9. HP: 31/65 MP: 9/9
  9482 | D:8      | Learned a level 3 spell: Dazzling Flash
  9611 | D:8      | Noticed a deep elf pyromancer
  9616 | D:8      | Killed a deep elf pyromancer
  9903 | D:6      | Bought a smoking leather armour for 196 gold pieces
  9903 | D:6      | Identified the +5 leather armour "Caef" {Contam Str+8
                  | Dex-3} (You bought it in a shop on level 6 of the Dungeon)
 10782 | D:9      | Noticed a troll
 11026 | D:9      | Noticed a kobold demonologist
 11047 | D:9      | Noticed a hellwing
 11058 | D:9      | Killed a kobold demonologist
 11059 | D:9      | Reached XP level 10. HP: 53/73 MP: 10/10
 11177 | D:9      | Noticed Psyche
 11197 | D:9      | Killed Psyche
 11286 | D:9      | Noticed Gastronok
 11376 | D:9      | Killed Gastronok
 11377 | D:9      | Reached skill level 5 in Fighting
 11377 | D:9      | Reached skill level 5 in Dodging
 11883 | D:9      | Found the +5 scythe "Finisher" {speed, eviscerate}
 12037 | D:9      | Reached skill level 1 in Polearms
 12295 | D:10     | Entered Level 10 of the Dungeon
 12633 | D:9      | Reached skill level 2 in Polearms
 12633 | D:9      | Gained mutation: A meltable icy envelope protects you from
                  | harm. (AC +4) [demonic ancestry]
 12633 | D:9      | Reached XP level 11. HP: 70/80 MP: 11/11
 12692 | D:10     | Found a staircase to the Lair.
 12697 | D:10     | Noticed a two-headed ogre
 12786 | D:10     | Reached skill level 3 in Polearms
 12803 | Lair:1   | Entered Level 1 of the Lair of Beasts
 12909 | Lair:1   | Reached skill level 4 in Polearms
 13071 | Lair:1   | Found a bloodstained altar of Trog.
 13115 | Lair:1   | Reached skill level 5 in Polearms
 13503 | Lair:1   | Reached skill level 5 in Armour
 13814 | Lair:1   | Reached skill level 6 in Polearms
 14079 | Lair:1   | Noticed an eight-headed hydra
 14322 | Lair:1   | You fall into a shaft and drop 1 floor!
 14389 | Lair:2   | Found a staircase to the Snake Pit.
 14418 | Lair:2   | Reached skill level 7 in Polearms
 14728 | Lair:2   | Reached skill level 8 in Polearms
 14748 | Lair:2   | Reached XP level 12. HP: 60/88 MP: 12/12
 15131 | Lair:2   | Noticed a five-headed hydra
 15168 | Lair:1   | Reached skill level 9 in Polearms
 16015 | Lair:1   | Killed a nine-headed hydra
 16360 | Lair:2   | Killed a five-headed hydra
 16818 | Lair:2   | Reached skill level 10 in Polearms
 17879 | Lair:3   | Noticed a six-headed hydra
 18038 | Lair:3   | Killed a six-headed hydra
 18379 | Lair:3   | Noticed a seven-headed hydra
 18419 | Lair:3   | Killed a seven-headed hydra
 18420 | Lair:3   | Reached skill level 11 in Polearms
 18864 | Lair:3   | Noticed Sonja
 18884 | Lair:3   | Killed Sonja
 18885 | Lair:3   | Reached skill level 1 in Evocations
 18951 | Lair:3   | Noticed a five-headed hydra
 18965 | Lair:3   | Killed a five-headed hydra
 19771 | Lair:4   | Found a staircase to the Swamp.
 19891 | Lair:4   | Noticed a catoblepas
 19908 | Lair:4   | Killed a catoblepas
 19909 | Lair:4   | Reached XP level 13. HP: 86/96 MP: 13/13
 21517 | Lair:5   | Reached skill level 12 in Polearms
 22112 | Lair:4   | Bought the +0 mask of the Dragon {Will+ Slay+3 SInv} for
                  | 501 gold pieces
 22112 | Lair:4   | Found the +0 mask of the Dragon {Will+ Slay+3 SInv}
 22551 | Lair:5   | Found a staircase to the Slime Pits.
 22688 | Lair:6   | Entered Level 6 of the Lair of Beasts
 23554 | Lair:6   | Reached skill level 13 in Polearms
 24145 | Lair:6   | Noticed a dire elephant
 24145 | Lair:6   | Noticed a dire elephant
 24145 | Lair:6   | Noticed a dire elephant
 24146 | Lair:6   | Noticed a dire elephant
 24198 | Lair:6   | Slain by a dire elephant simulacrum

Illustrated notes

Levels and vault maps discovered:
D:1:      matt_arrival_los_fun, layout_basic,
          shapermc_ecumenical_altar_notcrosses, item_on_display_a
D:2:      layout_loops_ring, basic_altar
D:3:      layout_basic, uniq_jessica, uniq_ijyb
D:4:      layout_loops_cross, minmay_temple_entry_butterflies, uniq_grinder
D:5:      layout_cave_pools, marbit_many_paths, serial_shops, shop,
          chequers_serial_rivers_micro_c, guppyfry_early_orc_mine
D:6:      layout_basic, serial_shops, kennysheep_mini, kennysheep_mini_moat,
          kennysheep_little_box, nicolae_shop_waterfront,
          nicolae_shop_competitors_out_of_business, st_stairs_12
D:7:      layout_loops_ring
D:8:      layout_cave_pods, uniq_erica
D:9:      layout_irregular_city, minmay_hedge_maze,
          minmay_guarded_unrand_finisher, uniq_gastronok, uniq_psyche
D:10:     minmay_the_grid_triangle_9x9_rhombus_full
          [minmay_the_grid_triangle_9x9_corrupted_corridor,
          minmay_the_grid_triangle_9x9_subtriangle,
          minmay_the_grid_triangle_9x9_impossible_snake,
          minmay_the_grid_triangle_9x9_checkered,
          minmay_the_grid_triangle_9x9_limited_checkers,
          minmay_the_grid_triangle_9x9_minimal,
          minmay_the_grid_triangle_9x9_pentomino_pain,
          minmay_the_grid_triangle_9x9_prize_special], layout_basic,
          minmay_lair_entry_grove, serial_shops, nicolae_shop_crystal,
          uniq_erolcha
Temple:   compressed_dpeg_triangle_lava_temple
Lair:1:   layout_hall_layers, basic_altar, serial_bayou_lagoon_b,
          serial_bayou_shore_b, serial_bayou_shore_a
Lair:2:   layout_gridlike, minmay_snake_entry_guardpost_small, minivault_24,
          st_stairs_10
Lair:3:   layout_cave_pods, uniq_sonja
Lair:4:   layout_gridlike, swamp_mist_pool, lemuel_fruit_fields
Lair:5:   layout_cave_pods, minmay_slime_entry_pillars, lemuel_fruit_fields,
          grunt_megastairs_1
Lair:6:   due_jungle_book, layout_misc_corridors, wad_woods_02

Skill      XL: |  1  2  3  4  5  6  7  8  9 10 11 12 13 |
---------------+----------------------------------------+-----
Stealth        | 4 5 6 7 8 9 |  9.6
Dodging        | 1 2 3 4 5 6 7 |  7.8
Short Blades   | 2 3 4 6 8 |  8.1
Throwing       | 2 3 |  3.4
Fighting       | 3 4 5 6 7 8 |  8.1
Armour         | 1 3 4 5 |  5.5
Shields        | 1 2 3 |  3.1
Maces & Flails | 1 3 4 |  4.1
Polearms       | 2 8 11 13 | 13.8
Evocations     | 1 |  1.1
Unarmed Combat | |  0.5
Spellcasting   | |  0.1

Action                   |  1- 3 |  4- 6 |  7- 9 | 10-12 | 13-15 || total
-------------------------+-------+-------+-------+-------+-------++-------
Melee: Dagger            |    85 |   218 |   332 |   112 |     6 ||   753
       Kick              |       |    34 |   124 |   217 |   107 ||   482
       Whip              |       |       |    14 |    53 |     7 ||    74
       Unarmed           |       |       |    10 |       |       ||    10
       Scythe            |       |       |       |   396 |   251 ||   647
       Punch             |       |       |       |     1 |       ||     1
Throw: Dart              |     9 |    36 |     5 |     2 |       ||    52
 Cast: Magic Dart        |       |     1 |       |     2 |       ||     3
Invok: Call Merchant     |       |       |       |     2 |       ||     2
Evoke: Wand              |       |     3 |     4 |       |       ||     7
       Phial of floods   |       |       |       |     1 |       ||     1
  Use: Potion            |       |     2 |       |     3 |     3 ||     8
       Scroll            |       |     2 |     9 |     2 |     4 ||    17
 Stab: Sleeping          |     9 |     9 |     9 |    11 |     4 ||    42
       Distracted        |       |     2 |     2 |     3 |     2 ||     9
       Petrified         |       |       |       |       |     1 ||     1
Armor: Robe              |    14 |    56 |       |       |       ||    70
       Leather armour    |       |     4 |    52 |   335 |   144 ||   535
       Ring mail         |       |       |    58 |       |       ||    58
Dodge: Dodged            |    35 |    99 |   179 |   354 |   170 ||   837
Block: Other             |     6 |    37 |    53 |    94 |    49 ||   239

Table legend: (Time is in decaauts)
 A = Elapsed time spent in this place.
 B = Non-inter-level travel time spent in this place.
 C = Inter-level travel time spent in this place.
 D = Time resting spent in this place.
 E = Time spent auto-exploring this place.
 F = Levels seen in this place.
 G = Mean time per level.
                   A        B        C        D        E       F      G
               +--------+--------+--------+--------+--------+-----+--------+
         Total |  24093 |  23105 |    988 |   6070 |  12419 |  17 | 1417.2 |
       Dungeon |  12607 |  11885 |    722 |   2612 |   6744 |  10 | 1260.7 |
        Temple |     52 |     39 |     13 |      0 |      0 |   1 |   52.0 |
          Lair |  11432 |  11179 |    253 |   3458 |   5674 |   6 | 1905.3 |
               +--------+--------+--------+--------+--------+-----+--------+

Top non-repeatable levels by time:
  Lair:1: 2716 daAuts
  Lair:3: 2254 daAuts
  Lair:4: 2005 daAuts
     D:9: 1941 daAuts
  Lair:2: 1717 daAuts
     D:3: 1653 daAuts
  Lair:5: 1548 daAuts
     D:5: 1497 daAuts
     D:6: 1463 daAuts
     D:1: 1460 daAuts
     D:8: 1458 daAuts
     D:4: 1318 daAuts
  Lair:6: 1190 daAuts
     D:2: 832 daAuts
     D:7: 825 daAuts
